 Dungeon Crawl Stone Soup version 0.31.0-11-ge490571c62 (webtiles) character file.

Game seed: 12600890596350523265

96 SnakkuSnakku7 the Apothecary (level 4, 33/33 HPs)
             Began as a Merfolk Air Elementalist on Jan 30, 2024.
             Was an Initiate of Ru.
             Quit the game on level 3 of the Dungeon.
             The game lasted 00:03:19 (1378 turns).

SnakkuSnakku7 the Apothecary (MfAE)                 Turns: 1378, Time: 00:03:20

Health: 33/33      AC:  3    Str:  8    XL:     4   Next: 67%
Magic:  7/7        EV: 13    Int: 22    God:    Ru [......]
Gold:   189        SH:  5    Dex: 18    Spells: 5/7 levels left

rFire   + . .        q - +8 quarterstaff "Wivuotiew" {pain, *Slow rElec rF+ Dex+4}
rCold   . . .        (shield currently unavailable)
rNeg    . . .        a - +0 robe
rPois   .            (no helmet)
rElec   +            o - +0 cloak
rCorr   .            (no gloves)
SInv    +            (no boots)
Will    .....        c - amulet of reflection
Stlth   ++           f - ring of see invisible
HPRegen 0.25/turn    l - +6 ring of intelligence
MPRegen 0.10/turn

%: slow self (1%), reflection
@: no status effects
A: (nimble swimmer 2), mertail
a: Renounce Religion


You were on level 3 of the Dungeon.
You worshipped Ru.
Ru was noncommittal.
You visited 1 branch of the dungeon, and saw 3 of its levels.

You collected 189 gold pieces.

Inventory:

Hand Weapons
 q - the +8 quarterstaff "Wivuotiew" (weapon) {pain, *Slow rElec rF+ Dex+4}
   (You found it on level 3 of the Dungeon)

   Dex+4:     It affects your dexterity (+4).
   rF+:       It protects you from fire.
   rElec:     It insulates you from electricity.
   *Slow:     It may slow you when you take damage.
Armour
 a - a +0 robe (worn)
 o - a +0 cloak (worn)
Jewellery
 c - an amulet of reflection (around neck)
 f - a ring of see invisible (left hand)
 k - a ring of wizardry
 l - a +6 ring of intelligence (right hand)
Scrolls
 g - 3 scrolls of revelation {unknown}
 h - 2 scrolls of identify {unknown}
 p - a scroll of enchant armour {unknown}
 r - a scroll of fog {unknown}
Potions
 b - a potion of magic
 d - 2 potions of brilliance {unknown}
 e - 2 potions of cancellation {unknown}
 i - a potion of resistance {unknown}
 j - a potion of attraction {unknown}
 m - a potion of curing {unknown}
 n - a potion of might {unknown}


   Skills:
 - Level 1.7 Fighting
 - Level 2.6 Dodging
 - Level 2.1 Stealth
 - Level 1.7 Unarmed Combat
 - Level 2.0 Spellcasting
 - Level 0.7 Conjurations
 - Level 2.4 Air Magic
 + Level 4.2 Alchemy


You had 5 spell levels left.
You knew the following spells:

 Your Spells              Type           Power      Damage    Failure   Level
a - Shock                 Conj/Air       36%        1d5       8%          1
b - Sting                 Conj/Alch      52%        1d6       4%          1

Your spell library contained the following spells:

 Spells                   Type           Power      Damage    Failure   Level
 Mercury Vapours          Alch/Air       32%        N/A       5%          2
 Static Discharge         Conj/Air       18%        3-4/arc   11%         2
 Swiftness                Air            12%        N/A       16%         3
 Olgreb's Toxic Radiance  Alch           20%        N/A       24%         4
 Airstrike                Air            6%         2d(1-17)  45%         4


Dungeon Overview and Level Annotations

Branches:
Dungeon (3/15)

Altars:
Ashenzari
Elyvilon
Ru


Innate Abilities, Weirdness & Mutations

((You are very nimble when in or above water. (Stealth+, EV+, Speed+++)))
Your lower body shifts to a powerful aquatic tail in water.


Message History

You block the ball python's attack. The ball python grabs you.
The ball python constricts you.
You closely miss the ball python.
The ball python bites you but does no damage.
The ball python constricts you. The ball python bites you.
The ball python constricts you.
You thump the ball python!
You kill the ball python!
Found a mace.
You see here a +0 short sword.
You now have 172 gold pieces (gained 19).
A quokka comes into view.
A quokka is nearby!
A quokka is nearby!
Okay, then.
Found a sacrificial altar of Ru.
Found 7 stones.
You sock the quokka!
You kill the quokka!
No target in view!
Unknown command.
No target in view!
No target in view!
There is a sacrificial altar of Ru here.
You kneel at the altar of Ru.
Ru welcomes you!
Unknown command.
Press < or > to pray at altars.
You now have 189 gold pieces (gained 17).
A quokka comes into view.
A quokka is nearby!
A quokka is nearby!
The helpless quokka fails to defend itself.
You sock the quokka!
You kill the quokka!
No target in view!
No target in view!
No target in view!
r - a scroll labelled ZUOCZY EWAHU Are you sure you want to abandon this character and quit the game? (Confirm with "yes".)

#### #... ####...
#...... ######.#
#.##... #....#.#
#.##### #@##.#.# #.#
#....#.# #.#.. #..#.#.#
#.#.###
#..###.###.#.#.##.
#....#.....#.#.##.
........#.#.#####.#.##.
###..#..#......##.#.##.
##.#..#....#.##.#.##.
#.......#.#.........


There were no monsters in sight!

Vanquished Creatures
  A hound (D:2)
  2 adders
  A dart slug (D:2)
  8 ball pythons
  6 endoplasms
  2 giant cockroaches
  2 goblins (D:2)
  3 hobgoblins
  2 jackals (D:1)
  2 kobolds (D:1)
  3 quokkas (D:3)
  5 bats
  3 frilled lizards
  2 rats
42 creatures vanquished.

Notes
Turn   | Place    | Note
-------+----------+-------------------------------------------
     0 | D:1      | SnakkuSnakku7 the Merfolk Air Elementalist began the quest
                  | for the Orb.
     0 | D:1      | Reached XP level 1. HP: 13/13 MP: 3/3
   164 | D:1      | Reached skill level 1 in Fighting
   164 | D:1      | Reached skill level 1 in Unarmed Combat
   179 | D:1      | Reached XP level 2. HP: 8/21 MP: 1/5
   698 | D:2      | Reached XP level 3. HP: 25/27 MP: 0/6
   704 | D:2      | Reached skill level 1 in Alchemy
   708 | D:2      | Learned a level 1 spell: Sting
   980 | D:2      | Reached skill level 3 in Alchemy
   980 | D:2      | Reached XP level 4. HP: 14/33 MP: 0/7
  1195 | D:3      | Reached skill level 4 in Alchemy
  1203 | D:3      | Identified the +8 quarterstaff "Wivuotiew" {pain, *Slow
                  | rElec rF+ Dex+4}
  1258 | D:3      | Found a white marble altar of Elyvilon.
  1263 | D:3      | Found a broken altar of Ashenzari.
  1336 | D:3      | Found a sacrificial altar of Ru.
  1345 | D:3      | Became a worshipper of Ru the Awakened
  1378 | D:3      | Quit the game

Illustrated notes

Levels and vault maps discovered:
D:1:      reono_arrival_forest_river, layout_rooms
D:2:      layout_rooms
D:3:      layout_basic, grunt_qazlal_clouds, overflow_temple_1_default,
          mainiacjoe_overflow_catwalk_spiral, uniq_natasha

Skill      XL: |  1  2  3  4 |
---------------+-------------+-----
Fighting       | 1 |  1.7
Unarmed Combat | 1 |  1.7
Alchemy        | 3 4 |  4.2
Dodging        | |  2.6
Stealth        | |  2.1
Spellcasting   | |  2.0
Conjurations   | |  0.7
Air Magic      | |  2.4

Action                     |  1- 3 |  4- 6 || total
---------------------------+-------+-------++-------
  Melee: Unarmed           |    94 |     5 ||    99
         Punch             |     2 |       ||     2
         Quarterstaff      |       |     9 ||     9
   Cast: Shock             |    20 |       ||    20
         Sting             |    13 |    12 ||    25
   Stab: Sleeping          |       |     1 ||     1
 Armour: Robe              |    54 |     6 ||    60
  Dodge: Dodged            |    70 |    13 ||    83
  Block: Other             |    27 |     2 ||    29
